| TOP OF THE 1ST |
|
Bowie Baysox batting - Pitching for Akron RubberDucks : RHP Josh Holloway
|
|
Pitching: RHP Josh Holloway
|
|
|
Batting: RHB Orlando Melchor
|
0-0: Called Strike 0-1: Foul Ball, location: 2F 0-2: Ground out 4-3 (Groundball, 4M, EV 99.4 MPH)
|
|
Batting: RHB Longfellow Wetzler
|
0-0: Ground out 4-3 (Groundball, 4, EV 81.9 MPH)
|
|
Batting: SHB Ryan Palermo
|
0-0: Fly out, F7 (Flyball, 7LM, EV 84.4 MPH)
|
| Top of the 1st over - 0 runs, 0 hits, 0 errors, 0 left on base; Bowie 0 - Akron 0 |
| BOTTOM OF THE 1ST |
|
Akron RubberDucks batting - Pitching for Bowie Baysox : LHP Matt Tomlinson
|
|
Pitching: LHP Matt Tomlinson
|
|
|
Batting: LHB Nick Welling
|
0-0: Called Strike 0-1: Called Strike 0-2: Strikes out swinging
|
|
Batting: LHB Corey Trevor
|
0-0: Foul Ball, location: 2F 0-1: Ball 1-1: Called Strike 1-2: Ground out 4-3 (Groundball, 4, EV 101.9 MPH)
|
|
Batting: RHB Harris Leroux
|
0-0: Ball 1-0: Called Strike 1-1: Called Strike 1-2: Ball 2-2: Ball 3-2: Fly out, F8 (Flyball, 8LM, EV 84.4 MPH)
|
| Bottom of the 1st over - 0 runs, 0 hits, 0 errors, 0 left on base; Bowie 0 - Akron 0 |
| TOP OF THE 2ND |
|
Bowie Baysox batting - Pitching for Akron RubberDucks : RHP Josh Holloway
|
|
Batting: SHB Justin Toth
|
0-0: Foul Ball, location: 2F 0-1: Ball 1-1: Ball 2-1: Ball 3-1: Swinging Strike 3-2: Strikes out swinging
|
|
Batting: RHB Andy Chess
|
0-0: Ball 1-0: Foul Ball, location: 2F 1-1: Ball 2-1: Swinging Strike 2-2: Foul Ball, location: 2F 2-2: Ball 3-2: Strikes out swinging
|
|
Batting: RHB R.J. Chapple
|
0-0: Ball 1-0: Ball 2-0: Ball 3-0: Called Strike 3-1: Ground out 6-3 (Groundball, 6, EV 109.4 MPH)
|
| Top of the 2nd over - 0 runs, 0 hits, 0 errors, 0 left on base; Bowie 0 - Akron 0 |
| BOTTOM OF THE 2ND |
|
Akron RubberDucks batting - Pitching for Bowie Baysox : LHP Matt Tomlinson
|
|
Batting: RHB Christian Blue
|
0-0: Ball 1-0: Ground out 4-3 (Groundball, 4, EV 93.1 MPH)
|
|
Batting: RHB Hieronim Rutkowski
|
0-0: Called Strike 0-1: DOUBLE (Line Drive, 7LM, EV 109.4 MPH)
|
|
Pitching: RHP Påske Olmqvist
|
|
|
Batting: RHB Matt Thompson
|
0-0: Foul Ball, location: 2F 0-1: Ball 1-1: SINGLE (Groundball, 56D, EV 100.0 MPH) Hieronim Rutkowski to third Runner from 3rd tries for Home, SAFE, throw by LF to home Matt Thompson to second
|
|
Batting: RHB Mike Plugge
|
0-0: Called Strike 0-1: Ball 1-1: Swinging Strike 1-2: Strikes out looking
|
|
Batting: LHB John Dietrich
|
0-0: Ball 1-0: Ball 2-0: Called Strike 2-1: Foul Ball, location: 2F 2-2: Strikes out swinging
|
| Bottom of the 2nd over - 1 run, 2 hits, 0 errors, 1 left on base; Bowie 0 - Akron 1 |
| TOP OF THE 3RD |
|
Bowie Baysox batting - Pitching for Akron RubberDucks : RHP Josh Holloway
|
|
Batting: SHB Tony Pantaleon
|
0-0: Swinging Strike 0-1: DOUBLE (Line Drive, 9LS, EV 90.6 MPH)
|
|
Batting: RHB Danny Merrill
|
0-0: Ball 1-0: Ball 2-0: Foul Ball, location: 2F 2-1: Ground out 5-3 (Groundball, 56, EV 103.8 MPH)
|
|
Batting: SHB Eric Tiehen
|
0-0: Foul Ball, location: 2F 0-1: Ground out 6-3 (Groundball, P, EV 92.5 MPH) Tony Pantaleon to third
|
|
Batting: RHB Orlando Melchor
|
0-0: Ground out 5-3 (Groundball, 56, EV 101.9 MPH)
|
| Top of the 3rd over - 0 runs, 1 hit, 0 errors, 1 left on base; Bowie 0 - Akron 1 |
| BOTTOM OF THE 3RD |
|
Akron RubberDucks batting - Pitching for Bowie Baysox : RHP Påske Olmqvist
|
|
Batting: RHB Michael Meyers
|
0-0: Called Strike 0-1: Fly out, F8 (Line Drive, 8RM, EV 94.4 MPH)
|
|
Batting: LHB Nick Welling
|
0-0: Swinging Strike 0-1: Ball 1-1: Swinging Strike 1-2: Ball 2-2: Foul Ball, location: 2F 2-2: Ball 3-2: Strikes out swinging
|
|
Batting: LHB Corey Trevor
|
0-0: TRIPLE (Flyball, 89XD, EV 104.4 MPH)
|
|
Batting: RHB Harris Leroux
|
0-0: Called Strike 0-1: Ball 1-1: Called Strike 1-2: Strikes out swinging
|
| Bottom of the 3rd over - 0 runs, 1 hit, 0 errors, 1 left on base; Bowie 0 - Akron 1 |
| TOP OF THE 4TH |
|
Bowie Baysox batting - Pitching for Akron RubberDucks : RHP Josh Holloway
|
|
Batting: RHB Longfellow Wetzler
|
0-0: Ball 1-0: Foul Ball, location: 2F 1-1: Foul Ball, location: 2F 1-2: Ball 2-2: Ball 3-2: Strikes out looking
|
|
Batting: SHB Ryan Palermo
|
0-0: Ball 1-0: Ball 2-0: Called Strike 2-1: Ground out U3 (Groundball, 3, EV 84.4 MPH)
|
|
Batting: SHB Justin Toth
|
0-0: Called Strike 0-1: Ball 1-1: SINGLE (Line Drive, 9S, EV 100.0 MPH)
|
|
Batting: RHB Andy Chess
|
0-0: Ball 1-0: Called Strike Justin Toth steals 2nd base 1-1: Swinging Strike 1-2: Foul Ball, location: 2F 1-2: Foul Ball, location: 2F 1-2: Ball 2-2: Foul Ball, location: 2F 2-2: SINGLE (Groundball, 56D, EV 100.0 MPH) Justin Toth to third Runner from 3rd tries for Home, SAFE, throw by LF to home Andy Chess to second
|
|
Batting: RHB R.J. Chapple
|
0-0: Ball 1-0: Swinging Strike 1-1: Ball 2-1: Ground out 6-3 (Groundball, 6, EV 83.1 MPH)
|
| Top of the 4th over - 1 run, 2 hits, 0 errors, 1 left on base; Bowie 1 - Akron 1 |
| BOTTOM OF THE 4TH |
|
Akron RubberDucks batting - Pitching for Bowie Baysox : RHP Påske Olmqvist
|
|
Batting: RHB Christian Blue
|
0-0: Called Strike 0-1: Ball 1-1: Ball 2-1: Foul Ball, location: 2F 2-2: Ground out 1-3 (Groundball, 15S, EV 70.0 MPH)
|
|
Batting: RHB Hieronim Rutkowski
|
0-0: Foul Ball, location: 2F 0-1: Foul Ball, location: 2F 0-2: Ball 1-2: Ball 2-2: Foul Ball, location: 2F 2-2: Ball 3-2: Base on Balls
|
|
Batting: RHB Matt Thompson
|
0-0: Fielders Choice at 2nd, 3-6 (Groundball, 34S, EV 83.8 MPH)
|
|
Batting: RHB Mike Plugge
|
0-0: Ball 1-0: Fly out, F4 (Popup, 4S, EV 76.9 MPH)
|
| Bottom of the 4th over - 0 runs, 0 hits, 0 errors, 1 left on base; Bowie 1 - Akron 1 |
| TOP OF THE 5TH |
|
Bowie Baysox batting - Pitching for Akron RubberDucks : RHP Josh Holloway
|
|
Batting: SHB Tony Pantaleon
|
0-0: Foul Ball, location: 2F 0-1: Ball 1-1: Foul Ball, location: 2F 1-2: Foul Ball, location: 2F 1-2: Ball 2-2: Ball 3-2: Fly out, F8 (Flyball, 8LD, EV 86.3 MPH)
|
|
Batting: RHB Danny Merrill
|
0-0: Ball 1-0: Ball 2-0: Ball 3-0: Called Strike 3-1: Ground out 1-3 (Groundball, P, EV 66.3 MPH)
|
|
Batting: SHB Eric Tiehen
|
0-0: Ground out 5-3 (Groundball, 56, EV 85.6 MPH)
|
| Top of the 5th over - 0 runs, 0 hits, 0 errors, 0 left on base; Bowie 1 - Akron 1 |
| BOTTOM OF THE 5TH |
|
Akron RubberDucks batting - Pitching for Bowie Baysox : RHP Påske Olmqvist
|
|
Batting: LHB John Dietrich
|
0-0: Called Strike 0-1: Called Strike 0-2: Ball 1-2: Foul Ball, location: 2F 1-2: Ground out 5-3 (Groundball, 5, EV 86.9 MPH)
|
|
Batting: RHB Michael Meyers
|
0-0: Called Strike 0-1: Ball 1-1: Called Strike 1-2: Strikes out swinging
|
|
Batting: LHB Nick Welling
|
0-0: Swinging Strike 0-1: Swinging Strike 0-2: Fly out, F7 (Flyball, 7, EV 88.1 MPH)
|
| Bottom of the 5th over - 0 runs, 0 hits, 0 errors, 0 left on base; Bowie 1 - Akron 1 |
| TOP OF THE 6TH |
|
Bowie Baysox batting - Pitching for Akron RubberDucks : RHP Josh Holloway
|
|
Batting: RHB Orlando Melchor
|
0-0: Called Strike 0-1: Ball 1-1: DOUBLE (Line Drive, 9LD, EV 101.9 MPH)
|
|
Batting: RHB Longfellow Wetzler
|
0-0: Ball 1-0: DOUBLE (Line Drive, 9LM, EV 107.5 MPH) Orlando Melchor scores
|
|
Batting: SHB Ryan Palermo
|
0-0: Ball 1-0: Ball 2-0: Called Strike 2-1: Foul Ball, location: 2F 2-2: Ball 3-2: Strikes out swinging
|
|
Batting: SHB Justin Toth
|
0-0: Ball 1-0: Fly out, F5 (Popup, P, EV 84.4 MPH)
|
|
Batting: RHB Andy Chess
|
0-0: Ball 1-0: Called Strike 1-1: Swinging Strike 1-2: Strikes out swinging
|
| Top of the 6th over - 1 run, 2 hits, 0 errors, 1 left on base; Bowie 2 - Akron 1 |
| BOTTOM OF THE 6TH |
|
Akron RubberDucks batting - Pitching for Bowie Baysox : RHP Påske Olmqvist
|
|
Batting: LHB Corey Trevor
|
0-0: Ball 1-0: Foul Ball, location: 2F 1-1: Ball 2-1: Ground out 1-3 (Groundball, 13, EV 71.9 MPH)
|
|
Batting: RHB Harris Leroux
|
0-0: Called Strike 0-1: Ball 1-1: Foul Ball, location: 2F 1-2: SINGLE (Groundball, 34D, EV 105.6 MPH)
|
|
Pitching: RHP Shane Kruger
|
|
|
Batting: RHB Christian Blue
|
0-0: Called Strike 0-1: Ball 1-1: Foul Ball, location: 2F 1-2: Ball 2-2: Strikes out swinging
|
|
Batting: RHB Hieronim Rutkowski
|
0-0: Ball 1-0: Called Strike 1-1: Swinging Strike 1-2: SINGLE (Groundball, 6M, EV 110.0 MPH) (infield hit) Harris Leroux to second
|
|
Batting: RHB Matt Thompson
|
0-0: Ball 1-0: Fly out, F8 (Flyball, 8RS, EV 91.9 MPH)
|
| Bottom of the 6th over - 0 runs, 2 hits, 0 errors, 2 left on base; Bowie 2 - Akron 1 |
| TOP OF THE 7TH |
|
Bowie Baysox batting - Pitching for Akron RubberDucks : RHP Josh Holloway
|
|
Pitching: RHP Jay Cowgill
|
|
|
Batting: RHB R.J. Chapple
|
0-0: Fly out, F7 (Flyball, 78M, EV 90.6 MPH)
|
|
Batting: SHB Tony Pantaleon
|
0-0: Ball 1-0: Called Strike 1-1: Foul Ball, location: 2F 1-2: DOUBLE (Line Drive, 9LM, EV 90.6 MPH)
|
|
Batting: RHB Danny Merrill
|
0-0: Ball 1-0: Foul Ball, location: 2F 1-1: Ball 2-1: Foul Ball, location: 2F 2-2: Foul Ball, location: 2F 2-2: Foul Ball, location: 2F 2-2: Strikes out swinging
|
|
Batting: SHB Eric Tiehen
|
0-0: Ball 1-0: Ball 2-0: Ground out U3 (Groundball, 34S, EV 78.8 MPH)
|
| Top of the 7th over - 0 runs, 1 hit, 0 errors, 1 left on base; Bowie 2 - Akron 1 |
| BOTTOM OF THE 7TH |
|
Akron RubberDucks batting - Pitching for Bowie Baysox : RHP Shane Kruger
|
|
Batting: RHB Mike Plugge
|
0-0: SINGLE (Groundball, 6, EV 106.9 MPH)
|
|
Batting: LHB John Dietrich
|
0-0: Ball 1-0: Ball 2-0: Called Strike 2-1: Fielders Choice at 2nd, 4-6 (Groundball, 34, EV 90.6 MPH)
|
|
Batting: SHB Arturo Baez
|
0-0: Called Strike 0-1: Foul Ball, location: 2F 0-2: Ball 1-2: Foul Ball, location: 2F 1-2: Strikes out looking
|
|
Batting: LHB Nick Welling
|
0-0: Ball 1-0: Ball 2-0: Ball 3-0: Swinging Strike 3-1: Base on Balls John Dietrich to second
|
|
Batting: LHB Corey Trevor
|
0-0: Called Strike 0-1: Swinging Strike 0-2: Foul Ball, location: 2F 0-2: Foul Ball, location: 2F 0-2: Strikes out swinging
|
| Bottom of the 7th over - 0 runs, 1 hit, 0 errors, 2 left on base; Bowie 2 - Akron 1 |
| TOP OF THE 8TH |
|
Bowie Baysox batting - Pitching for Akron RubberDucks : RHP Jay Cowgill
|
|
Pitching: RHP Jorge Reyes
|
|
|
Batting: RHB Orlando Melchor
|
0-0: Called Strike 0-1: Ball 1-1: Ground out 5-3 (Groundball, 56S, EV 68.1 MPH)
|
|
Batting: RHB Longfellow Wetzler
|
0-0: Called Strike 0-1: Ball 1-1: Ball 2-1: Swinging Strike 2-2: Foul Ball, location: 2F 2-2: Ball 3-2: Base on Balls
|
|
Batting: SHB Ryan Palermo
|
0-0: Ball 1-0: Fielders Choice at 2nd, 4-6 (Groundball, 4, EV 90.0 MPH)
|
|
Batting: SHB Justin Toth
|
0-0: Ball 1-0: Ball 2-0: Called Strike 2-1: Foul Ball, location: 2F 2-2: Fielders Choice at 2nd, 6-4 (Groundball, 4M, EV 84.4 MPH)
|
| Top of the 8th over - 0 runs, 0 hits, 0 errors, 1 left on base; Bowie 2 - Akron 1 |
| BOTTOM OF THE 8TH |
|
Akron RubberDucks batting - Pitching for Bowie Baysox : RHP Shane Kruger
|
|
Pitching: RHP Josh Boyles
|
|
|
Batting: RHB Harris Leroux
|
0-0: Ground out U3 (Groundball, 3S, EV 63.1 MPH)
|
|
Batting: RHB Christian Blue
|
0-0: Called Strike 0-1: Ground out U3 (Groundball, 34, EV 82.5 MPH)
|
|
Batting: RHB Hieronim Rutkowski
|
0-0: Ball 1-0: SINGLE (Groundball, 13, EV 95.0 MPH) (infield hit)
|
|
Batting: RHB Matt Thompson
|
0-0: Called Strike 0-1: Ball 1-1: Ball 2-1: SINGLE (Line Drive, 8LS, EV 100.0 MPH) Hieronim Rutkowski to second
|
|
Batting: RHB Mike Plugge
|
0-0: Ball 1-0: 3-RUN HOME RUN (Flyball, 7D, EV 95.0 MPH), Distance : 373 ft
|
|
Pitching: RHP Paulo Guincho
|
|
|
Batting: LHB John Dietrich
|
0-0: Called Strike 0-1: Ground out 4-3 (Groundball, 4, EV 104.4 MPH)
|
| Bottom of the 8th over - 3 runs, 3 hits, 0 errors, 0 left on base; Bowie 2 - Akron 4 |
| TOP OF THE 9TH |
|
Bowie Baysox batting - Pitching for Akron RubberDucks : RHP Jorge Reyes
|
|
Pitching: RHP Corey Rizzuto
|
|
|
Now at 2B: Tony Ramirez
|
|
|
Batting: RHB Andy Chess
|
0-0: Ball 1-0: Ball 2-0: Foul Ball, location: 2F 2-1: Foul Ball, location: 2F 2-2: Strikes out looking
|
|
Batting: RHB R.J. Chapple
|
0-0: Ground out 5-3 (Groundball, 56S, EV 76.9 MPH)
|
|
Batting: SHB Tony Pantaleon
|
0-0: SOLO HOME RUN (Flyball, 9D, EV 95.0 MPH), Distance : 382 ft
|
|
Batting: RHB Danny Merrill
|
0-0: Called Strike 0-1: Ball 1-1: Swinging Strike 1-2: Ball 2-2: Strikes out looking
|
| Top of the 9th over - 1 run, 1 hit, 0 errors, 0 left on base; Bowie 3 - Akron 4 |
|